 Dungeon Crawl Stone Soup version 0.23-a0-333-g006994f (webtiles) character file.

4875 Garbasso the Summoner (level 10, -16/107 HPs)
             Began as an Ogre Summoner on Oct 17, 2018.
             Was a Priest of Ashenzari.
             Demolished by Snorg (24 damage)
             ... on level 11 of the Dungeon.
             The game lasted 00:44:31 (12484 turns).

Garbasso the Summoner (Ogre Summoner)              Turns: 12484, Time: 00:44:32

Health: -16/107    AC:  6    Str: 14    XL:     10   Next: 50%
Magic:  9/22       EV: 10    Int: 23    God:    Ashenzari [***...]
Gold:   343        SH:  0    Dex:  9    Spells: 3/25 levels left

rFire    . . .     SeeInvis +   D - +2 trident (pierce) (curse)
rCold    . . .     Gourm    .   (no shield)
rNeg     . . .     Faith    .   a - +1 robe
rPois    .         Spirit   .   (helmet restricted)
rElec    .         Reflect  .   (no cloak)
rCorr    .         Harm     .   (gloves unavailable)
MR       +....                  (boots unavailable)
Stlth    +.........             (no amulet)
HPRegen  0.27/turn              n - +4 ring of intelligence (curse)
MPRegen  0.18/turn              q - +2 ring of protection

@: no status effects
A: large, unfitting armour, tough skin 1
a: Curse Item, Scrying, Renounce Religion


You were on level 11 of the Dungeon.
You worshipped Ashenzari.
Ashenzari was most pleased with you.
You were not hungry.

You visited 1 branch of the dungeon, and saw 11 of its levels.

You collected 595 gold pieces.
You spent 252 gold pieces at shops.

Inventory:

Hand Weapons
 D - a cursed +2 trident of piercing (weapon)
Missiles
 p - 2 large rocks (quivered) {=f}
Armour
 a - a +1 robe (worn)
Jewellery
 d - an uncursed ring of protection from magic
 n - a cursed +4 ring of intelligence (left hand)
 q - a +2 ring of protection (right hand)
 z - an uncursed ring of fire
 J - an uncursed ring of positive energy
Wands
 g - a wand of flame (37)
 o - a wand of paralysis (17)
 r - a wand of disintegration (14)
 y - a wand of digging (30)
 K - a wand of acid (5)
Scrolls
 b - 4 scrolls of remove curse
 e - 3 scrolls of fog
 h - 3 scrolls of identify
 l - a scroll of teleportation
 u - 3 scrolls of magic mapping
 w - a scroll of fear
 B - a scroll of enchant armour
Potions
 f - 3 potions of haste
 i - a potion of flight
 j - 3 potions of lignification
 k - 2 potions of cancellation
 m - 3 potions of mutation
 t - 3 potions of curing
 v - 3 potions of agility
 A - a potion of invisibility
 E - a potion of berserk rage
 F - a potion of brilliance
 H - a potion of ambrosia
Miscellaneous
 I - a phantom mirror
Comestibles
 c - 11 rations


   Skills:
 + Level 9.4 Fighting
 * Level 2.5 Dodging
 - Level 1.4 Stealth
 + Level 8.3 Spellcasting
 * Level 9.8 Summonings
 - Level 2.1 Translocations
 - Level 2.1 Ice Magic
 - Level 2.0 Air Magic


You had 3 spell levels left.
You knew the following spells:

 Your Spells              Type           Power        Failure   Level  Hunger
a - Blink                 Tloc           N/A          4%          2    None
b - Call Imp              Summ           ######..     1%          2    None
c - Summon Ice Beast      Ice/Summ       #####...     5%          4    ##.....
d - Summon Lightning Spi  Summ/Air       #####...     6%          4    ##.....
e - Call Canine Familiar  Summ           ######..     1%          3    None
f - Passwall              Tmut/Erth      #.......     10%         2    None
g - Summon Mana Viper     Hex/Summ       ####....     24%         5    #####..

Your spell library contained the following spells:

 Spells                   Type           Power        Failure   Level  Hunger
 Summon Butterflies       Summ           ######..     1%          1    None
 Summon Small Mammal      Summ           ####         1%          1    None
 Summon Guardian Golem    Hex/Summ       ####....     2%          3    None
 Confusing Touch          Hex            #.....       7%          1    None
 Magic Dart               Conj           #...         7%          1    None
 Pain                     Necr           #...         7%          1    None
 Sandblast                Erth           #.....       7%          1    None
 Gell's Gravitas          Tloc           ###.......   9%          3    None
 Slow                     Hex            #.......     10%         2    None
 Sublimation of Blood     Necr           #.........   10%         2    None
 Mephitic Cloud           Conj/Pois/Air  ##......     16%         3    None
 Confuse                  Hex            #.......     21%         3    None
 Conjure Flame            Conj/Fire      #.......     21%         3    None
 Stone Arrow              Conj/Erth      #.....       21%         3    None
 Animate Dead             Necr           N/A          54%         4    ##.....
 Petrify                  Tmut/Erth      #.......     54%         4    ##.....
 Summon Hydra             Summ           ######....   69%         7    #######
 Metabolic Englaciation   Hex/Ice        ##........   77%         5    #####..
 Lee's Rapid Deconstruct  Erth           #.........   88%         5    #####..
 Yara's Violent Unravell  Hex/Tmut       #.........   88%         5    #####..
 Simulacrum               Ice/Necr       ##........   100%        6    ######.
 Ring of Flames           Chrm/Fire      #.........   100%        7    #######


Dungeon Overview and Level Annotations

Branches:
Dungeon (11/15)            Temple (0/1) D:7             Orc (0/2) D:10
   Lair: D:8-11

Altars:
Ashenzari
Makhleb
Nemelex Xobeh
Okawaru
Ru
Uskayaw
Wu Jian

Shops:
D:4 [   D:9 *

Annotations:
D:11 Snorg, Urug


Innate Abilities, Weirdness & Mutations

You are too large for most types of armour.
You have tough skin. (AC +1)


Message History

The bullfrog hits your crimson imp. Snorg bites you! Snorg claws you.
Snorg claws you but does no damage.
The bullfrog barely misses your crimson imp.
Your crimson imp blinks!
The bullfrog hits your shadow imp!
Urug screams, "Prepare for a defeathering!"
Your crimson imp blinks!
Snorg closely misses you. Snorg claws you! x2
There is a stone staircase leading up here.
Snorg bites you. Snorg claws you!
* * * LOW HITPOINT WARNING * * *
Snorg closely misses you. Something hits your shadow imp.
Your shadow imp dies!
Snorg bites you but does no damage. Snorg barely misses you. Snorg claws you!!
* * * LOW HITPOINT WARNING * * *
Casting: Call Imp (safe; 1% risk of failure)
Confirm with . or Enter, or press ? or * to list all spells.
You blink.
Snorg bites you!!
You die...

* ... , ....
#####...,
#...5., ,
######.#.#####,
#.....8.......
###.<....####*
, , #F##..(.# ,
##@###.#.o.(...
##T.#
#.####....
#ยง.## #.# *
.## *#.## #.#
*, ..# #.# * ,
*#.## #.# *,, *
, #. * #.# , #.
,,** , * ## ,


You could see Snorg (berserk) and a bullfrog.

Vanquished Creatures
  2 slime creatures (D:10)
  A hippogriff (D:7)
  A yak (D:10)
  An orc warrior (D:10)
  An ogre (D:4)
  A necrophage (D:9)
  A centaur (D:9)
  3 bullfrogs
  A wyvern skeleton (D:8)
  A scorpion (D:7)
  A howler monkey (D:8)
  A centaur skeleton (D:7)
  A bullfrog zombie (D:9)
  2 bullfrog skeletons
  A jelly (D:9)
  An orc wizard (D:9)
  2 iguanas
  A howler monkey skeleton (D:10)
  2 adders
  A shadow imp (D:9)
  An ooze (D:2)
  A dart slug (D:1)
  6 leopard geckos
  10 orcs
  A ball python (D:1)
  6 bats
  2 giant cockroaches
  4 goblins
  7 hobgoblins
  3 jackals
  2 quokkas
  6 frilled lizards
  8 kobolds
  A rat (D:2)
84 creatures vanquished.

Vanquished Creatures (collateral kills)
  A two-headed ogre (D:8)
  A cyclops (D:9)
  A deep elf mage (D:9)
  Grinder (D:5)
  2 hippogriffs (D:9)
  4 yaks (D:10)
  A wyvern (D:9)
  A hungry ghost (D:8)
  A water moccasin (D:9)
  2 sky beasts (D:7)
  An orc warrior (D:8)
  A phantom (D:9)
  A black bear (D:6)
  7 ogres
  A necrophage (D:10)
  4 centaurs
  A crocodile (D:7)
  A big kobold (D:9)
  3 bullfrogs
  A water moccasin zombie (D:8)
  2 scorpions
  3 killer bees (D:10)
  3 crimson imps
  A quasit (D:10)
  A jelly (D:9)
  3 orc priests
  A bullfrog skeleton (D:9)
  4 hounds
  8 orc wizards
  3 iguanas
  2 worker ants
  A hound zombie (D:9)
  5 adders
  8 gnolls
  A howler monkey skeleton (D:6)
  A shadow imp (D:8)
  An adder zombie (D:9)
  3 worms
  A dart slug (D:3)
  4 leopard geckos
  28 orcs
  A ball python (D:6)
  2 giant cockroaches
  3 goblins
  3 hobgoblins
  6 jackals
  4 kobolds
  2 bats
  4 frilled lizards
  A jackal zombie (D:5)
  4 rats
150 creatures vanquished.

Grand Total: 234 creatures vanquished

Notes
Turn   | Place    | Note
-------+----------+-------------------------------------------
     0 | D:1      | Garbasso the Ogre Summoner began the quest for the Orb.
     0 | D:1      | Reached XP level 1. HP: 16/16 MP: 3/3
     3 | D:1      | Noticed an electric eel
     3 | D:1      | Noticed an electric eel
   300 | D:1      | Reached XP level 2. HP: 9/26 MP: 5/5
   544 | D:1      | Learned a level 2 spell: Call Imp
   565 | D:1      | Found a shattered altar of Ashenzari.
   569 | D:1      | Became a worshipper of Ashenzari the Shackled
   702 | D:1      | Reached skill level 1 in Fighting
  1604 | D:2      | Reached XP level 3. HP: 28/33 MP: 7/7
  1996 | D:2      | Reached * piety under Ashenzari
  2533 | D:3      | Reached XP level 4. HP: 33/42 MP: 1/8
  2713 | D:3      | Found a burning altar of Makhleb.
  2851 | D:3      | Learned a level 4 spell: Summon Ice Beast
  3055 | D:3      | Reached XP level 5. HP: 48/50 MP: 10/10
  3354 | D:4      | Noticed an ogre
  3368 | D:4      | Killed an ogre
  3368 | D:4      | Reached skill level 5 in Summonings
  3368 | D:4      | Reached skill level 1 in Ice Magic
  3582 | D:4      | Learned a level 4 spell: Summon Lightning Spire
  3594 | D:4      | Noticed an ogre
  3675 | D:4      | Killed an ogre
  3675 | D:4      | Reached XP level 6. HP: 61/61 MP: 0/11
  4586 | D:4      | Found Baymeoc's Armour Shop.
  4784 | D:5      | Entered Level 5 of the Dungeon
  4922 | D:5      | Noticed Grinder
  4939 | D:5      | Paralysed by Grinder for 7 turns
  4946 | D:5      | Reached ** piety under Ashenzari
  4959 | D:5      | Paralysed by Grinder for 6 turns
  4974 | D:5      | Killed Grinder
  4974 | D:5      | Reached XP level 7. HP: 45/70 MP: 0/13
  5184 | D:5      | Learned a level 3 spell: Call Canine Familiar
  6545 | D:6      | Reached skill level 1 in Air Magic
  6548 | D:6      | Reached skill level 5 in Fighting
  6559 | D:6      | Reached XP level 8. HP: 52/80 MP: 3/15
  6898 | D:7      | Found a sparkling altar of Nemelex Xobeh.
  6909 | D:7      | Reached skill level 5 in Spellcasting
  6942 | D:7      | Found a staircase to the Ecumenical Temple.
  7339 | D:7      | Noticed a hippogriff
  7343 | D:7      | Learned a level 2 spell: Blink
  7349 | D:7      | Killed a hippogriff
  7510 | D:7      | Reached *** piety under Ashenzari
  8357 | D:8      | Found a sacrificial altar of Ru.
  8357 | D:8      | Reached XP level 9. HP: 39/92 MP: 8/18
  8602 | D:8      | Noticed a two-headed ogre
  8623 | D:8      | Killed a two-headed ogre
  9188 | D:8      | Found an iron altar of Okawaru.
  9188 | D:8      | Found a sacrificial altar of Ru.
  9413 | D:9      | Noticed a cyclops
  9425 | D:9      | Killed a cyclops
  9533 | D:9      | Found a hide-covered altar of Uskayaw.
  9938 | D:9      | Reached XP level 10. HP: 53/106 MP: 14/21
 10151 | D:9      | Reached skill level 1 in Translocations
 10172 | D:9      | Identified the Compendium of Blistering Evil Arts
 10564 | D:9      | Found Burebb's Assorted Antiques.
 10568 | D:9      | Bought a scroll labeled REATHU SOOS LECA for 32 gold pieces
 10568 | D:9      | Bought a potion of curing for 96 gold pieces
 10568 | D:9      | Bought a scroll of identify for 64 gold pieces
 10568 | D:9      | Bought a scroll labeled JUEL XELEU for 32 gold pieces
 10568 | D:9      | Bought a glowing blue potion for 28 gold pieces
 10628 | D:9      | Noticed a deep elf mage
 10637 | D:9      | Killed a deep elf mage
 10676 | D:9      | Found an ornate altar of the Wu Jian Council.
 11233 | D:10     | Entered Level 10 of the Dungeon
 11288 | D:10     | Found a staircase to the Orcish Mines.
 12078 | D:10     | Learned a level 2 spell: Passwall
 12084 | D:10     | Learned a level 5 spell: Summon Mana Viper
 12124 | D:10     | Killed a very large slime creature
 12467 | D:11     | Noticed Snorg
 12474 | D:11     | Noticed Urug
 12484 | D:11     | Demolished by Snorg

Vault maps used:
D:1:      arrival_aquarium_b, ashenzari_altar_1
D:2:      st_stairs_10
D:3:      bloody_makhleb, first_ration
D:4:      serial_shops, shop_fountains, minmay_statues_item
D:5:      grunt_decor_cap, hangedman_decor_diamond_cutter, uniq_grinder
D:7:      nemelex_xobeh_ov_fountains_minmay, temple_fountains
D:8:      gammafunk_temple_overflow_statue, basic_altar
D:9:      minmay_cornered_nines, nicolae_overflow_crystal_walls,
          kennysheep_mini, serial_shops, shop
D:10:     david_orc_2
D:11:     grunt_lair_entry_orc_guard_hut, uniq_urug, uniq_snorg

Skill      XL: |  1  2  3  4  5  6  7  8  9 10 |
---------------+-------------------------------+-----
Fighting       | 1 2 3 4 5 6 8 9 |  9.4
Summonings     | 4 5 6 7 9 |  9.8
Spellcasting   | 3 4 6 7 8 |  8.3
Ice Magic      | 1 2 |  2.1
Air Magic      | 1 2 |  2.0
Translocations | 2 |  2.1
Dodging        | 2 |  2.5
Stealth        | |  1.4

Action                   |  1- 3 |  4- 6 |  7- 9 | 10-12 || total
-------------------------+-------+-------+-------+-------++-------
Melee: Unarmed           |    49 |       |       |       ||    49
       Short sword       |    79 |    42 |       |       ||   121
       Spear             |       |    51 |    21 |       ||    72
       Trident           |       |       |   179 |    77 ||   256
Throw: Stone             |     2 |       |       |       ||     2
 Cast: Summon Small Mamm |    27 |    13 |     1 |       ||    41
       Call Imp          |    11 |    17 |    44 |    10 ||    82
       Summon Ice Beast  |       |     9 |    35 |    31 ||    75
       Call Canine Famil |       |       |    11 |       ||    11
       Summon Lightning  |       |       |    14 |     5 ||    19
       Blink             |       |       |     1 |     2 ||     3
Invok: Curse Item        |       |       |     2 |       ||     2
  Use: Scroll            |       |     6 |    11 |     7 ||    24
 Stab: Sleeping          |       |     1 |     2 |       ||     3
       Distracted        |       |       |     3 |     2 ||     5
  Eat: Chunk             |     6 |     9 |    20 |     9 ||    44
       Ration            |       |       |     1 |     1 ||     2
Armor: Robe              |    79 |    27 |    46 |    24 ||   176
Dodge: Dodged            |    85 |    46 |   100 |    26 ||   257

Table legend:
 A = Non-vault XP
 B = Vault XP
 C = Vault XP percentage of total XP
 D = Non-vault monster count
 E = Vault monster count
 F = Vault count percentage of total count
                 A         B        C        D         E       F
            +---------+---------+-------+---------+---------+-------
      Total |    6365 |     600 |   8.6 |     221 |      13 |   5.6
            +---------+---------+-------+---------+---------+-------
        D:1 |      33 |       0 |   0.0 |      20 |       0 |   0.0
        D:2 |      34 |      11 |  24.4 |      19 |       3 |  13.6
        D:3 |     102 |       0 |   0.0 |      31 |       0 |   0.0
        D:4 |     254 |       0 |   0.0 |      14 |       0 |   0.0
        D:5 |     291 |     183 |  38.6 |      22 |       1 |   4.3
        D:6 |     303 |       0 |   0.0 |      21 |       0 |   0.0
        D:7 |     716 |       0 |   0.0 |      18 |       0 |   0.0
        D:8 |    1279 |       0 |   0.0 |      22 |       0 |   0.0
        D:9 |    1865 |     303 |  14.0 |      37 |       3 |   7.5
       D:10 |    1488 |     103 |   6.5 |      17 |       6 |  26.1
            +---------+---------+-------+---------+---------+-------
